 Dungeon Crawl Stone Soup version 0.23.2-1-ga50397a6bc (webtiles) character file.

Game seed: 8053220048444158056

4207 Menchi the Blocker (level 10, -1/81 HPs)
             Began as a Gnoll Fighter on May 2, 2019.
             Was an Initiate of Makhleb.
             Killed by the air
             ... invoked by Gastronok
              (14 damage)
             ... on level 9 of the Dungeon.
             The game lasted 00:18:30 (7580 turns).

Menchi the Blocker (Gnoll Fighter)                  Turns: 7580, Time: 00:18:31

Health: -1/81      AC: 14    Str: 23    XL:     10   Next: 29%
Magic:  17/17      EV: 14    Int: 13    God:    Makhleb [......]
Gold:   173        SH: 12    Dex: 20    Spells: 16/19 levels left

rFire    . . .     SeeInvis .   a - +2 long sword
rCold    . . .     Gourm    .   c - +0 shield
rNeg     + + +     Faith    .   K - +1 leather armour of the Enchanted Forest {rN+++ MR- rCorr Stlth+}
rPois    .         Spirit   .   g - +1 helmet {Int+3}
rElec    .         Reflect  .   J - +2 cloak
rCorr    +         Harm     .   (no gloves)
MR       .....                  p - +2 pair of boots
Stlth    ++++......             (no amulet)
HPRegen  0.23/turn              N - +6 ring of dexterity
MPRegen  0.15/turn              l - ring of wizardry

@: slowed, very slow
A: distributed training, fangs 1, strong nose
a: Renounce Religion


You were on level 9 of the Dungeon.
You worshipped Makhleb.
Makhleb was noncommittal.
You were hungry.

You visited 1 branch of the dungeon, and saw 9 of its levels.
You also visited: Ossuary.

You collected 390 gold pieces.
You spent 217 gold pieces at shops.

Inventory:

Hand Weapons
 a - a +2 long sword (weapon)
Armour
 c - a +0 shield (worn)
 g - a +1 helmet of intelligence (worn)
 p - a +2 pair of boots (worn)
 G - a +1 leather armour of poison resistance
 J - a +2 cloak (worn)
 K - the +1 leather armour of the Enchanted Forest (worn) {rN+++ MR- rCorr Stlth+}
   (You bought it in a shop on level 4 of the Dungeon)

   It renders you almost immune to negative energy.
   It affects your resistance to hostile enchantments.
   It provides partial protection from all sources of acid and corrosion.
   It makes you more stealthy.
Jewellery
 l - a ring of wizardry (right hand)
 q - an uncursed ring of protection from cold
 E - an uncursed ring of flight
 N - a +6 ring of dexterity (left hand)
Wands
 b - a wand of enslavement (12)
 k - a wand of flame (11)
 n - a wand of disintegration (13)
 z - a wand of acid (14)
 L - a wand of iceblast (9)
Scrolls
 h - 9 scrolls of teleportation
 o - 2 scrolls of immolation
 u - 2 scrolls of vulnerability
 w - 5 scrolls of random uselessness
 y - 3 scrolls of remove curse
 F - 2 scrolls of amnesia
 H - a scroll of enchant weapon
 I - 2 scrolls of magic mapping
 M - a scroll of holy word {unknown}
Potions
 d - a potion of might
 e - 2 potions of flight
 j - 3 potions of curing
 m - 3 potions of agility
 r - a potion of berserk rage
 s - a potion of invisibility
 t - a potion of cancellation {unknown}
 v - 2 potions of resistance {unknown}
 x - 2 potions of brilliance {unknown}
 A - 4 potions of lignification
 B - a potion of haste
 C - 2 potions of mutation {unknown}
 D - a potion of magic {unknown}
Comestibles
 f - 14 rations


   Skills:
 + Level 8.3 Fighting
 + Level 5.0 Short Blades
 + Level 6.9 Long Blades
 + Level 5.0 Axes
 + Level 5.0 Maces & Flails
 + Level 5.0 Polearms
 + Level 5.0 Staves
 + Level 5.0 Slings
 + Level 5.0 Bows
 + Level 5.0 Crossbows
 + Level 5.0 Throwing
 + Level 8.3 Armour
 + Level 5.0 Dodging
 + Level 5.0 Stealth
 + Level 8.3 Shields
 + Level 5.0 Unarmed Combat
 + Level 5.0 Spellcasting
 + Level 4.1 Conjurations
 + Level 4.1 Hexes
 + Level 4.1 Charms
 + Level 4.1 Summonings
 + Level 4.1 Necromancy
 + Level 4.1 Translocations
 + Level 4.1 Transmutations
 + Level 4.1 Fire Magic
 + Level 4.1 Ice Magic
 + Level 4.1 Air Magic
 + Level 4.1 Earth Magic
 + Level 4.1 Poison Magic
 + Level 5.5 Invocations
 + Level 5.0 Evocations


You had 16 spell levels left.
You knew the following spells:

 Your Spells              Type           Power        Failure   Level  Hunger
a - Spider Form           Tmut/Pois      ##........   11%         3    ###....

Your spell library contained the following spells:

 Spells                   Type           Power        Failure   Level  Hunger
 Beastly Appendage        Tmut           ##....       3%          1    None
 Sticks to Snakes         Tmut           ##......     6%          2    ##.....
 Ice Form                 Ice/Tmut       ##......     32%         4    ####...
 Blade Hands              Tmut           ##........   65%         5    ######.


Dungeon Overview and Level Annotations

Branches:
Dungeon (9/15)             Temple (0/1) D:4
   Lair: D:8-11         Orc: D:9-12

Altars:
Elyvilon
Hepliaklqana
Makhleb
Nemelex Xobeh
Okawaru
Trog
The Shining One

Shops:
D:4 [

Annotations:
D:9 Gastronok


Innate Abilities, Weirdness & Mutations

Your experience applies equally to all skills.
You have very sharp teeth.
Your uncanny sense of smell can sniff out nearby items.


Message History

Gastronok is severely wounded.
Gastronok is no longer covered in acid.
You hit Gastronok but do no damage.
Gastronok is severely wounded.
Gastronok gurgles, "I'll eat you, I will!"
Gastronok bites you!
* * * LOW HITPOINT WARNING * * *
You slash Gastronok!
Gastronok is almost dead.
You block Gastronok's attack.
You slash Gastronok!
Gastronok is almost dead.
Gastronok makes a strange noise.
Gastronok chants a spell, wobbling all the while.
You feel sluggish.
You hit Gastronok.
Gastronok is almost dead.
Gastronok waves his eye-stalks in wide circles.
The air twists around and strikes you!
You die...

#. . #.###.
#.....
#..#.# ## #
#.......#.#
#$...#....
#.....%#
#..w@#
#..### #. ∆
# ∆


You could see Gastronok.

Vanquished Creatures
  Pikel (D:5)
  2 slime creatures (D:8)
  A hippogriff (D:8)
  Sigmund (D:4)
  A steam dragon (D:7)
  Menkaure (D:6)
  Eustachio (D:6)
  A sky beast (D:6)
  A phantom (D:8)
  2 orc warriors (D:8)
  2 ice beasts
  3 ogres
  A centaur (D:7)
  A crocodile (D:8)
  4 big kobolds (D:8)
  A bullfrog (D:7)
  Blork the orc (D:5)
  4 scorpions
  A howler monkey (D:6)
  A bullfrog zombie (D:3)
  5 hounds
  5 jellies
  An orc priest (D:8)
  6 orc wizards
  Crazy Yiuf (D:5)
  2 bullfrog skeletons
  Ijyb (D:5)
  4 worker ants
  2 big kobold zombies (Ossuary)
  4 mummies (Ossuary)
  4 gnolls
  A howler monkey skeleton (D:8)
  3 adders
  A shadow imp (D:6)
  5 oozes (D:8)
  An adder skeleton (D:8)
  4 worms
  2 dart slugs (D:2)
  5 leopard geckos
  16 orcs
  8 giant cockroaches
  9 goblins
  8 hobgoblins
  6 jackals
  5 quokkas
  3 ball pythons
  7 bats
  3 frilled lizards
  2 gnoll zombies (Ossuary)
  A goblin zombie (Ossuary)
  A hobgoblin zombie (Ossuary)
  7 kobolds
  2 orc zombies (Ossuary)
  14 rats
180 creatures vanquished.

Vanquished Creatures (others)
  A crimson imp (D:5)
  8 toadstools (D:8)
9 creatures vanquished.

Grand Total: 189 creatures vanquished

Notes
Turn   | Place    | Note
-------+----------+-------------------------------------------
     0 | D:1      | Menchi the Gnoll Fighter began the quest for the Orb.
     0 | D:1      | Reached XP level 1. HP: 23/23 MP: 1/1
    55 | D:1      | Reached XP level 2. HP: 29/29 MP: 2/2
   323 | D:1      | Reached XP level 3. HP: 29/35 MP: 3/3
   696 | D:2      | Found a sparkling altar of Nemelex Xobeh.
   799 | D:2      | Reached skill level 1 in Invocations
   820 | D:2      | Reached skill level 1 in Short Blades
   820 | D:2      | Reached skill level 1 in Axes
   820 | D:2      | Reached skill level 1 in Maces & Flails
   820 | D:2      | Reached skill level 1 in Polearms
   820 | D:2      | Reached skill level 1 in Staves
   820 | D:2      | Reached skill level 1 in Slings
   820 | D:2      | Reached skill level 1 in Bows
   820 | D:2      | Reached skill level 1 in Crossbows
   820 | D:2      | Reached skill level 1 in Throwing
   820 | D:2      | Reached skill level 1 in Dodging
   820 | D:2      | Reached skill level 1 in Stealth
   820 | D:2      | Reached skill level 1 in Unarmed Combat
   820 | D:2      | Reached skill level 1 in Spellcasting
   820 | D:2      | Reached skill level 1 in Evocations
   962 | D:2      | Found a glowing golden altar of the Shining One.
  1028 | D:2      | Reached XP level 4. HP: 37/41 MP: 5/5
  1097 | D:2      | Found a faded altar of an unknown god.
  1153 | D:2      | Reached skill level 1 in Conjurations
  1153 | D:2      | Reached skill level 1 in Hexes
  1153 | D:2      | Reached skill level 1 in Charms
  1153 | D:2      | Reached skill level 1 in Summonings
  1153 | D:2      | Reached skill level 1 in Necromancy
  1153 | D:2      | Reached skill level 1 in Translocations
  1153 | D:2      | Reached skill level 1 in Transmutations
  1153 | D:2      | Reached skill level 1 in Fire Magic
  1153 | D:2      | Reached skill level 1 in Ice Magic
  1153 | D:2      | Reached skill level 1 in Air Magic
  1153 | D:2      | Reached skill level 1 in Earth Magic
  1153 | D:2      | Reached skill level 1 in Poison Magic
  1422 | D:3      | Reached XP level 5. HP: 44/47 MP: 5/7
  2192 | D:4      | Noticed Sigmund
  2205 | D:4      | Killed Sigmund
  2205 | D:4      | Reached skill level 5 in Long Blades
  2205 | D:4      | Reached XP level 6. HP: 39/53 MP: 7/9
  2519 | D:4      | Reached XP level 7. HP: 59/59 MP: 10/10
  2557 | D:4      | Found a staircase to the Ecumenical Temple.
  2971 | D:4      | Found Bimuhut's Antique Armour Shoppe.
  3209 | D:5      | Entered Level 5 of the Dungeon
  3223 | D:5      | Noticed Blork the orc
  3229 | D:5      | Killed Blork the orc
  3271 | D:5      | Found an iron altar of Okawaru.
  3318 | D:5      | Found a sand-covered staircase.
  3328 | D:5      | Noticed Pikel
  3343 | Ossuary  | Entered an ossuary
  3746 | D:5      | Killed Pikel
  3746 | D:5      | Reached XP level 8. HP: 14/67 MP: 12/12
  3937 | D:5      | Noticed Ijyb
  3946 | D:5      | Killed Ijyb
  4198 | D:5      | Found a runed translucent door.
  4199 | D:5      | Noticed Crazy Yiuf
  4308 | D:5      | Killed Crazy Yiuf
  4375 | D:6      | Noticed Menkaure
  4386 | D:6      | Killed Menkaure
  4576 | D:6      | Noticed Eustachio
  4595 | D:6      | Killed Eustachio
  4595 | D:6      | Reached XP level 9. HP: 64/72 MP: 14/14
  4859 | D:6      | Found a bloodstained altar of Trog.
  5283 | D:4      | Bought a brightly glowing leather armour for 217 gold
                  | pieces
  5293 | D:4      | Identified the cursed +1 leather armour of the Enchanted
                  | Forest {rN+++ MR- rCorr Stlth+} (You bought it in a shop on
                  | level 4 of the Dungeon)
  5614 | D:7      | Found a hazy altar of Hepliaklqana.
  5614 | D:7      | Found a white marble altar of Elyvilon.
  5795 | D:7      | Learned a level 3 spell: Spider Form
  6527 | D:8      | Reached skill level 5 in Invocations
  6845 | D:8      | Reached XP level 10. HP: 70/80 MP: 17/17
  6951 | D:8      | Found a burning altar of Makhleb.
  7031 | D:8      | Became a worshipper of Makhleb the Destroyer
  7200 | D:8      | HP: 1/80 [slime creature (4)]
  7207 | D:8      | Reached skill level 5 in Short Blades
  7207 | D:8      | Reached skill level 5 in Axes
  7207 | D:8      | Reached skill level 5 in Maces & Flails
  7207 | D:8      | Reached skill level 5 in Polearms
  7207 | D:8      | Reached skill level 5 in Staves
  7207 | D:8      | Reached skill level 5 in Slings
  7207 | D:8      | Reached skill level 5 in Bows
  7207 | D:8      | Reached skill level 5 in Crossbows
  7207 | D:8      | Reached skill level 5 in Throwing
  7207 | D:8      | Reached skill level 5 in Dodging
  7207 | D:8      | Reached skill level 5 in Stealth
  7207 | D:8      | Reached skill level 5 in Unarmed Combat
  7207 | D:8      | Reached skill level 5 in Spellcasting
  7207 | D:8      | Reached skill level 5 in Evocations
  7554 | D:9      | Noticed Gastronok
  7580 | D:9      | Killed from afar by Gastronok

Skill      XL: |  1  2  3  4  5  6  7  8  9 10 |
---------------+-------------------------------+-----
Invocations    | 1 2 3 4 5 |  5.5
Short Blades   | 1 2 3 4 5 |  5.0
Axes           | 1 2 3 4 5 |  5.0
Maces & Flails | 1 2 3 4 5 |  5.0
Polearms       | 1 2 3 4 5 |  5.0
Staves         | 1 2 3 4 5 |  5.0
Slings         | 1 2 3 4 5 |  5.0
Bows           | 1 2 3 4 5 |  5.0
Crossbows      | 1 2 3 4 5 |  5.0
Throwing       | 1 2 3 4 5 |  5.0
Dodging        | 1 2 3 4 5 |  5.0
Stealth        | 1 2 3 4 5 |  5.0
Unarmed Combat | 1 2 3 4 5 |  5.0
Spellcasting   | 1 2 3 4 5 |  5.0
Evocations     | 1 2 3 4 5 |  5.0
Conjurations   | 1 2 3 4 |  4.1
Hexes          | 1 2 3 4 |  4.1
Charms         | 1 2 3 4 |  4.1
Summonings     | 1 2 3 4 |  4.1
Necromancy     | 1 2 3 4 |  4.1
Translocations | 1 2 3 4 |  4.1
Transmutations | 1 2 3 4 |  4.1
Fire Magic     | 1 2 3 4 |  4.1
Ice Magic      | 1 2 3 4 |  4.1
Air Magic      | 1 2 3 4 |  4.1
Earth Magic    | 1 2 3 4 |  4.1
Poison Magic   | 1 2 3 4 |  4.1
Long Blades    | 5 6 |  6.9
Fighting       | 7 8 |  8.3
Armour         | 7 8 |  8.3
Shields        | 7 8 |  8.3

Action                   |  1- 3 |  4- 6 |  7- 9 | 10-12 || total
-------------------------+-------+-------+-------+-------++-------
Melee: Long sword        |    91 |   125 |   369 |    88 ||   673
       Bite              |     6 |    16 |    60 |    26 ||   108
       Unarmed           |       |       |     3 |       ||     3
 Cast: Spider Form       |       |       |     1 |       ||     1
Evoke: Wand              |       |       |     1 |     6 ||     7
  Use: Scroll            |     2 |    11 |    13 |       ||    26
       Potion            |       |       |       |     5 ||     5
 Stab: Sleeping          |       |       |     9 |     3 ||    12
  Eat: Chunk             |     1 |     4 |    15 |     2 ||    22
Armor: Scale mail        |    37 |    40 |    76 |       ||   153
       Leather armour    |       |       |    74 |    19 ||    93
Dodge: Dodged            |    30 |    48 |   143 |    43 ||   264
Block: Shield            |    49 |    66 |   195 |    49 ||   359
       Rpst.: Long sword |    12 |    17 |    42 |    15 ||    86
